 Dungeon Crawl Stone Soup version 0.17-a0-1572-g7a1422d (webtiles) character file.

27 hotshotjosh the Covered (level 3, 0/29 HPs)
             Began as a Human Fighter on June 2, 2015.
             Was a Follower of Okawaru.
             Slain by a phantom (7 damage)
             ... on level 3 of the Dungeon on July 24, 2015.
             The game lasted 00:29:54 (1977 turns).

hotshotjosh the Covered (Human Fighter)             Turns: 1977, Time: 00:29:54

Health: 0/29       AC:  5    Str: 22      XL:     3   Next: 25%
Magic:  3/3        EV:  8    Int: 11 (13) God:    Okawaru [*.....]
Gold:   101        SH: 10    Dex: 12      Spells: 0 memorised, 2 levels left

rFire  . . .     SeeInvis .     j - -3 club (curse)
rCold  . . .     Clarity  .     t - +0 ring mail
rNeg   + . .     SustAt   .     c - +1 shield
rPois  .         Gourm    .     (no helmet)
rElec  .         Spirit   .     (no cloak)
rCorr  .         Warding  .     (no gloves)
rMut   .         Stasis   .     (no boots)
MR     .....                    (no amulet)
Stlth  +.........               (no ring)
                                y - ring of positive energy

@: mighty, brilliant, not resistant to hostile enchantments, very unstealthy
A: no striking features
a: Heroism, Renounce Religion


You were on level 3 of the Dungeon.
You worshipped Okawaru.
Okawaru was aware of your devotion.
You were not hungry.

You visited 1 branch of the dungeon, and saw 3 of its levels.

You collected 101 gold pieces.

Inventory:

Hand weapons
 a - a +0 war axe
 i - a +0 club
 j - a cursed -3 club (weapon)
 n - a +0 dagger
 r - a +0 spear
 s - a +0 short sword
 u - a +0 spear
 x - a +0 whip
 A - a +0 club
Missiles
 e - 16 arrows
 h - 10 sling bullets
 l - 14 bolts
 B - 3 stones (quivered)
Armour
 b - a +0 scale mail
 c - a +1 shield (worn)
 t - a +0 ring mail (worn)
Jewellery
 y - a ring of positive energy (left hand)
Scrolls
 v - a scroll of teleportation {unknown}


   Skills:
 + Level 3.1 Fighting
 + Level 2.3 Axes
 + Level 3.4 Armour
 + Level 0.8 Dodging
 + Level 3.2 Shields


You had 2 spell levels left.
You didn't know any spells.

Dungeon Overview and Level Annotations

Branches:
Dungeon (3/15)

Altars:
Okawaru


Message History

You closely miss the phantom.
The phantom is moderately damaged.
The phantom blinks!
You now have 101 gold pieces (gained 10).
It was a potion of cancellation.
Your magical effects are unravelling.
Your magical contamination has completely faded away.
You feel magically purged.
You feel yourself slow down.
Unknown command.
You feel very mighty all of a sudden.
It was a potion of brilliance.
You feel clever all of a sudden.
Your shield prevents you from hitting the phantom.
The phantom is lightly damaged.
You block the phantom's attack.
You hit the phantom but do no damage.
The phantom is lightly damaged.
The phantom hits you!
You die...

#..# .# ####..#
.# #.....# .#
#.....# .#
##.....#######.#
..........!....#
#......[...####
#...@W....'..>#
#.........###.#
#.........# #.#
#.........# #.#
#.........# #.#
######+#### #.#
#####.######.#
#..!.....(.#.#
#..........#.#


You could see a phantom.

Vanquished Creatures
  A giant cockroach (D:1)
  2 hobgoblins (D:1)
  6 kobolds
  A ball python (D:1)
  4 bats
  A giant newt (D:1)
  3 goblins
  4 jackals (D:1)
  5 rats
27 creatures vanquished.

Notes
Turn   | Place    | Note
--------------------------------------------------------------
     0 | D:1      | hotshotjosh the Human Fighter began the quest for the Orb.
     0 | D:1      | Reached XP level 1. HP: 18/18 MP: 1/1
   437 | D:1      | Reached XP level 2. HP: 22/24 MP: 2/2
   691 | D:1      | Upgraded the game from 0.17-a0-1197-g2d00c63 to 0.17-a0-1572-g7a1422d
  1446 | D:1      | Reached XP level 3. HP: 13/29 MP: 3/3
  1709 | D:2      | Found a faded altar to an unknown god.
  1725 | D:2      | Became a worshipper of Warmaster Okawaru
  1725 | D:2      | Acquired Okawaru's first power
  1927 | D:3      | Noticed a phantom
  1977 | D:3      | Slain by a phantom

Vault maps used:
D:1:      minmay_arrival_diagonal_passages, serial_co_window_serial,
          co_window_corner_a, co_window_corner_a, co_window_paths_a,
          co_window_of_opportunity_a, co_window_of_opportunity_a,
          co_window_paths_c, co_window_broadway_a, co_window_broadway_b,
          co_window_of_opportunity_b, co_window_4corner_a, co_window_4corner_b,
          glass_columns_a, glass_columns_c, glass_columns_a, glass_columns_a
D:2:      ecumenical_altar_1, minmay_misc_feat_encased
D:3:      cheibriados_altar_wand_db, first_bread, serial_aquarium,
          aquarium_bridge_square, aquarium_window_corner, aquarium_window_fake,
          aquarium_view_2e

Action                   || total
-------------------------++-------
Melee: War axe           ||   110
       Club              ||    51
  Use: Potion            ||     6
       Scroll            ||     3
  Eat: Bread ration      ||     1
       Beef jerky        ||     1
